 Dungeon Crawl Stone Soup version 0.13-a0-1553-g7307ddf (webtiles) character file.

102 MohnJadden the Caller (level 2, 0/21 HPs)
             Began as a Djinni Summoner on June 10, 2013.
             Slain by a jackal (1 damage)
             ... while paralysed by a potion of paralysis
             ... on Level 2 of the Dungeon.
             The game lasted 00:03:53 (1060 turns).

MohnJadden the Caller (Djinni Summoner)             Turns: 1060, Time: 00:03:53

HP   0/21        AC  2     Str  8      XL: 2   Next: 62%
MP   0/0         EV  2     Int 15      God:
Gold 81          SH  0     Dex 13      Spells:  2 memorised,  0 levels left

Res.Fire  : + + +   See Invis. : .   f - +0 spear
Res.Cold  : x . .   Warding    : .   a - +0 robe
Life Prot.: + + +   Conserve   : .   (no shield)
Res.Poison: .       Res.Corr.  : .   (no helmet)
Res.Elec. : .       Clarity    : .   (no cloak)
Sust.Abil.: . .     Spirit.Shd : .   (no gloves)
Res.Mut.  : .       Stasis     : .   (boots unavailable)
Res.Rott. : .       Flight     : .   (no amulet)
Saprovore : . . .                    (no ring)
                                     (no ring)

@: paralysed, not resistant to hostile enchantments, unstealthy
A: no striking features
a: no special abilities


You were on level 2 of the Dungeon.
You were not hungry.

You visited 1 branch of the dungeon, and saw 2 of its levels.

You collected 61 gold pieces.

Inventory:

Hand weapons
 f - a +0,+0 spear (weapon)
Armour
 a - a +0 robe (worn)
Scrolls
 d - a scroll of enchant weapon I {unknown}
 g - 2 scrolls of recharging {unknown}
 h - a scroll of remove curse {unknown}
Jewellery
 i - an uncursed ring of see invisible {unknown}
Potions
 c - a potion of restore abilities {unknown}
 e - 2 potions of paralysis
 j - 2 potions of heal wounds {unknown}
Books
 b - a book of Callings

   Spells                             Type                      Level
   *Summon Small Mammal               Summoning                    1
   *Call Imp                          Summoning                    2
   Call Canine Familiar               Summoning                    3
   Summon Scorpions                   Summoning/Poison             4
   Summon Ice Beast                   Ice/Summoning                4


   Skills:
 - Level 1.7 Dodging
 - Level 1.5 Stealth
 - Level 1.2 Spellcasting
 + Level 4.8 Summonings


You couldn't memorise any spells.
You knew the following spells:

 Your Spells              Type           Power        Failure   Level  Hunger
a - Summon Small Mammal   Summ           ###.         3%          1    ##.....
b - Call Imp              Summ           ###.......   6%          2    ###....


Dungeon Overview and Level Annotations

Branches:
Dungeon (2/27)

Altars:


Message History

The jackal bites you.
* * * LOW HITPOINT WARNING * * *
Your bat closely misses the jackal.
The jackal bites your bat.
Your bat dies!
Your bat's corpse disappears in a puff of smoke!
The jackal barely misses you. The jackal closely misses you.
Drink which item? (? for menu, Esc to quit)
You suddenly lose the ability to move!
It was a potion of paralysis.
The jackal barely misses you.
The jackal bites you but does no damage.
The jackal bites you.
* * * LOW HITPOINT WARNING * * *
The jackal bites you.
* * * LOW HITPOINT WARNING * * *
The jackal bites you but does no damage.
The jackal bites you.
* * * LOW HITPOINT WARNING * * *
The jackal bites you.
You die...

#.##.......## #######
#........###
#.#...#### #.##### #.#
#.# ########### ###
#.##########..%).....<
...
#.#<......##.#########
### #.#.......@hh##
#.#.......#h..#
#.#.......#...#
#.##.######%..# #.##.#
#...# #.##.# #...#
#.##.# #...# #.##.#
#...#############
#.##.#
#.....hh.........


You could see 3 jackals.

Vanquished Creatures
  A giant gecko (D:2)
  An ooze (D:1)
  2 bats (D:1)
  A giant cockroach (D:2)
  A hobgoblin (D:1)
  A kobold (D:2)
  2 goblins (D:1)
9 creatures vanquished.

Vanquished Creatures (collateral kills)
  A worm (D:2)
  A jackal (D:2)
  2 kobolds (D:1)
  A bat (D:2)
  A giant cockroach (D:2)
  3 goblins
  A rat (D:1)
10 creatures vanquished.

Vanquished Creatures (others)
  A grey rat (D:1)
  3 bats
  6 rats (D:1)
10 creatures vanquished.

Grand Total: 29 creatures vanquished

Notes
Turn   | Place    | Note
--------------------------------------------------------------
     0 | D:1      | MohnJadden, the Djinni Summoner, began the quest for the Orb.
     0 | D:1      | Reached XP level 1. HP: 14/14 MP: 0/0
   593 | D:1      | Reached XP level 2. EP: 13/21
   597 | D:1      | Learned a level 2 spell: Call Imp
  1057 | D:2      | Paralysed by a potion of paralysis for 6 turns
  1059 | D:2      | HP: 1/21 [jackal (2)]
  1060 | D:2      | Slain by a jackal

Action                   || total
-------------------------++-------
Melee: Spear             ||    35
       Unarmed           ||     1
 Cast: Summon Small Mamm ||    24
       Call Imp          ||     2
  Use: Potion            ||     1
 Stab: Sleeping          ||     1
